[Event "Early-Titled-Tuesday-Blitz-September-12-2023"]
[Site "Chess.com"]
[Date "2023.09.12"]
[Round "2"]
[White "Hikaru"]
[Black "grzechu96"]
[Result "1-0"]
[WhiteElo "3250"]
[BlackElo "2663"]
[TimeControl "180+1"]
[EndTime "8:17:47 PDT"]
[Termination "Hikaru won by resignation"]

1. Nf3 d5 2. b3 Bf5 3. Ba3 Nf6 4. e3 c6 5. c4 Nbd7 6. Nc3 e6 7. Bxf8 Nxf8 8. b4 N8d7 9. b5 O-O 10.
bxc6 bxc6 11. Nd4 Ne5 12. cxd5 Nxd5 13. Nxd5 Qxd5 14. Qb3 Bg6 15. f4 Nd7 16. Rc1 c5 17. Nb5 Qxb3 18. axb3 Rab8 19. Bc4 Nb6 20. Be2 Be4 21. Kf2 Rfd8 22. Rhd1 Nd7 23. d4 cxd4 24. Rxd4 Nf6 25. Rxd8+ Rxd8 26. Nxa7 h6 27. Rc8 Rxc8 28. Nxc8 Nd5 29. Bf3 Bxf3 30. Kxf3 Kf8 31. e4 Nb4 32. Ke3 Ke8 33. Nd6+ Ke7 34. Nc4 Kd7 35. Kd4 Kc6 36. Ne5+ Kb5 37. Nxf7 Nc6+ 38. Kc3 Kc5 39. Ne5 Nd8 40. b4+ Kb5 41. h4 Nb7 42. Nc4 Nd8 43. g4 Nc6 44. Nd6+ Kb6 45. Kc4 Ne7 46. h5 Kc6 47. Nf7 Nc8 48. b5+ Kb6 49. Kb4 Ne7 50. Nd6 Kc7 51. Ne8+ Kb6 52. Nxg7 Nc8 53. g5 1-0

[Event "Early-Titled-Tuesday-Blitz-September-12-2023"]
[Site "Chess.com"]
[Date "2023.09.12"]
[Round "2"]
[White "MdImranCM"]
[Black "cukin84"]
[Result "1-0"]
[WhiteElo "2489"]
[BlackElo "2221"]
[TimeControl "180+1"]
[EndTime "8:17:47 PDT"]
[Termination "MdImranCM won by resignation"]

1. Nf3 f5 2. c4 Nf6 3. Nc3 g6 4.
d4 Bg7 5. Bg5 O-O 6. e3 d6 7. h4 Nh5 8. Be2 c6 9. Qc2 Qe8 10. O-O-O e5 11. dxe5 dxe5 12. Nd2 Be6 13. c5 Nd7 14. Nc4 Nxc5 15. Nd6 Qb8 16. Bxh5 gxh5 17.
Be7 b6 18. Kb1 e4 19. Bxf8 Qxf8 20. Ne2 Nd3 21. Nf4 Qxd6 22. Nxd3 exd3 23. Rxd3 Qe5 24. Rhd1 h6 25. Rd8+ Rxd8 26. Rxd8+ Kh7 27. Rd4 Bd5 28. f3 c5 29. Rf4 Be6 30. Qd2 c4 31. Rd4 Bf7 32.
Rd7 Bg6 33. f4 Qe4+ 34. Ka1 c3 35. Qxc3 Bf7 36. Rxf7 Qxg2 37. Rxg7+ Qxg7 38. Qxg7+ Kxg7 39. Kb1 Kf6 40. Kc2 Ke6 41. Kd3 Kd5 42. Kd2 Ke4 43.
Ke2 b5 44. b4 Kd5 45. Kd3 Ke6 46. e4 fxe4+ 47. Kxe4 Kf6 48. f5 a6 49. Kf4 Kf7 50.
Ke5 Ke7 51. f6+ Kf7 52. Kf5 Kf8 53. Kg6 Kg8 54. Kxh6 Kf7 55. Kg5 Kf8 56. Kxh5 Kf7 57.
Kg5 1-0

[Event "Early-Titled-Tuesday-Blitz-September-12-2023"]
[Site "Chess.com"]
[Date "2023.09.12"]
[Round "2"]
[White "sqmorr"]
[Black "savitha1030"]
[Result "0-1"]
[WhiteElo "2160"]
[BlackElo "2480"]
[TimeControl "180+1"]
[EndTime "8:17:47 PDT"]
[Termination "savitha1030 won by resignation"]

1. d4 c5 2. d5 d6 3. e4 e6 4. Bb5+ Bd7 5. Bxd7+ Qxd7 6. Nf3 Nf6 7.
Nc3 exd5 8. exd5 Be7 9. O-O b5 10. Re1 b4 11. Ne4 O-O 12. Bf4 Nxe4 13. Rxe4 Bf6 14.
Rb1 Qf5 15. Qd3 Qd7 16. c4 bxc3 17. bxc3 h6 18. Rbe1 Rc8 19. c4 Na6 20. a3 Rab8 21. h3 Rb2 22. R4e2 Rb6 23. Kh2 Rcb8 24. Re3 Rb3 25.
Qe4 Nc7 26. Bg3 a5 27. Qg4 Qxg4 28. hxg4 a4 29. Bf4 R8b6 30. Kh3 Bd4 31. Re7 Na6 32.
Ra7 Rxa3 33. Re8+ Kh7 34. Rxf7 Rxf3+ 35. gxf3 a3 36. Re2 Rb2 37. Rfe7 a2 38. Re1 Rb1 0-1

[Event "Early-Titled-Tuesday-Blitz-September-12-2023"]
[Site "Chess.com"]
[Date "2023.09.12"]
[Round "2"]
[White "Sanan_Sjugirov"]
[Black "KChor05TTV"]
[Result "1-0"]
[WhiteElo "2914"]
[BlackElo "2586"]
[TimeControl "180+1"]
[EndTime "8:17:48 PDT"]
[Termination "Sanan_Sjugirov won by resignation"]

1. e4 c5 2. Nf3 Nc6 3. Bb5 Qb6 4.
Nc3 e6 5. Bxc6 bxc6 6. O-O Ne7 7. d3 Ng6 8. Ng5 e5 9. Kh1 Be7 10. Qh5 d6 11. f4 exf4 12. Bxf4 Bxg5 13. Qxg5 Qxb2 14.
Nd5 h6 15. Qh5 cxd5 16. Bxd6 d4 17. Rab1 Qxa2 18. Qxc5 Bd7 19. Qxd4 Qe6 20. c4 f6 21.
c5 Kf7 22. Rb7 Rhd8 23. c6 Kg8 24. cxd7 Rxd7 25. Rxd7 Qxd7 26. Qd5+ Kh7 27. Qxa8 Qxd6 28. Qd5 Qb4 29. Qf5 a5 30. h4 1-0

[Event "Early-Titled-Tuesday-Blitz-September-12-2023"]
[Site "Chess.com"]
[Date "2023.09.12"]
[Round "2"]
[White "wild3000"]
[Black "ChessQueen"]
[Result "0-1"]
[WhiteElo "2416"]
[BlackElo "2736"]
[TimeControl "180+1"]
[EndTime "8:17:50 PDT"]
[Termination "ChessQueen won on time"]

1. d4 Nf6 2. Nf3 b5 3. a4 b4 4. g3 Bb7 5. Bg2 e6 6. O-O Be7 7.
Nbd2 O-O 8. Nb3 a5 9. Bg5 d6 10. Re1 Nbd7 11. c4 bxc3 12. bxc3 Ra7 13. Nfd2 Bxg2 14.
Kxg2 Qa8+ 15. Kg1 Re8 16. Qc2 h6 17. Bxf6 Nxf6 18. e4 Rb8 19. Qd3 Nd7 20. Qc4 Nb6 21. Qd3 Qc6 22. Reb1 Nxa4 23. c4 Rb4 24. d5 Qb6 25. dxe6 fxe6 26. e5 Rb7 27. exd6 Qxd6 28. Qg6 Bf6 29. Ne4 Qe7 30. Nxf6+ Qxf6 31. Qe8+ Kh7 32.
Rxa4 Rxb3 33. Rxb3 Rxb3 34. Ra2 Qf3 0-1

[Event "Early-Titled-Tuesday-Blitz-September-12-2023"]
[Site "Chess.com"]
[Date "2023.09.12"]
[Round "2"]
[White "ChessTankMan"]
[Black "Yuruultei"]
[Result "1-0"]
[WhiteElo "2538"]
[BlackElo "2344"]
[TimeControl "180+1"]
[EndTime "8:17:51 PDT"]
[Termination "ChessTankMan won by resignation"]

1. e4 c5 2. Nf3 e6 3. Qe2 Nc6 4. g3 Nge7 5. Bg2 d5 6. d3 g6 7. O-O Bg7 8. e5 Qc7 9. Bf4 h6 10. h4 b6 11. c4 Bb7 12. Nc3 dxc4 13. Nb5 Qd7 14. Nd6+ Kf8 15. dxc4 Nf5 16. Rad1 Qe7 17. Nxb7 Qxb7 18. Nd2 Qc7 19. Nf3 Kg8 20. g4 Nfe7 21.
Rd6 Kh7 22. h5 Rad8 23. Rfd1 Rhe8 24. hxg6+ Nxg6 25. Bg3 Ncxe5 26. Nxe5 Rxd6 27. Rxd6 Qxd6 28. Nxg6 Qd4 29. Ne5 Rd8 30. Nxf7 Rf8 31. Qxe6 Qxb2 32. Be4+ Kg8 33. Nxh6+ Kh8 34. Nf7+ Kg8 35. Ne5+ Kh8 36. Ng6+ Kh7 37. Nxf8+ Kh8 38. Ng6+ 1-0

[Event "Early-Titled-Tuesday-Blitz-September-12-2023"]
[Site "Chess.com"]
[Date "2023.09.12"]
[Round "2"]
[White "FMStan15"]
[Black "WelshTiger"]
[Result "1-0"]
[WhiteElo "2069"]
[BlackElo "2441"]
[TimeControl "180+1"]
[EndTime "8:17:51 PDT"]
[Termination "FMStan15 won by resignation"]

1. e4 c6 2. d4 d5 3. e5 Bf5 4. Bd3 Bxd3 5. Qxd3 e6 6. Ne2 a6 7. O-O c5 8. c3 Nc6 9. Rd1 Rc8 10. a3 cxd4 11.
cxd4 Nge7 12. Nbc3 Nf5 13. Kh1 Be7 14. f4 h5 15. Be3 Na5 16. Bf2 h4 17. b4 Nc4 18.
Ra2 g5 19. fxg5 Bxg5 20. Qf3 Qe7 21. Nxd5 exd5 22. Qxf5 Rc6 23. Nf4 Bxf4 24. Qxf4 h3 25. g3 Qe6 26. Be3 Qg6 27. Rf1 Rh7 28. a4 Qd3 29. Qf5 Nxe3 30. Qxd3 Nxf1 31. Qxh7 Rc1 32. Kg1 Ne3+ 33. Kf2 Ng4+ 34. Kf3 1-0

[Event "Early-Titled-Tuesday-Blitz-September-12-2023"]
[Site "Chess.com"]
[Date "2023.09.12"]
[Round "2"]
[White "GMBenjaminBok"]
[Black "Journey_to_GrandMaster_YT"]
[Result "1-0"]
[WhiteElo "2987"]
[BlackElo "2625"]
[TimeControl "180+1"]
[EndTime "8:17:52 PDT"]
[Termination "GMBenjaminBok won by resignation"]

1. d4 d6 2. Nf3 Nf6 3. c4 Nbd7 4. Nc3 e5 5. g3 c6 6. Qc2 Be7 7. Bg2 O-O 8. O-O Qc7 9. Rd1 Re8 10. b3 Bf8 11. Bb2 e4 12. Ne1 d5 13. Rac1 dxc4 14. Nxe4 Nxe4 15. Bxe4 Nf6 16. Bf3 cxb3 17. axb3 Qb6 18.
Nd3 Be6 19. b4 Bxb4 20. Rb1 Be7 21. d5 Nxd5 22. Bxg7 Nb4 23. Nxb4 Kxg7 24. Nxc6 Qc7 25. Qb2+ Bf6 26. Qxb7 Qxb7 27. Rxb7 a5 28. Nd4 a4 29.
Nxe6+ Rxe6 30. Bd5 Re7 31. Rxe7 Bxe7 32. Bxa8 a3 33.
Bd5 Bf6 34. Ba2 Bb2 35. Rd7 Kf6 36. f4 1-0

[Event "Early-Titled-Tuesday-Blitz-September-12-2023"]
[Site "Chess.com"]
[Date "2023.09.12"]
[Round "2"]
[White "farzadbfd"]
[Black "Vision_64"]
[Result "1-0"]
[WhiteElo "2707"]
[BlackElo "2346"]
[TimeControl "180+1"]
[EndTime "8:17:52 PDT"]
[Termination "farzadbfd won by checkmate"]

1. d4 d5 2. Nf3 Nf6 3. c4 c6 4. Nc3 e6 5. Bg5 h6 6. Bxf6 Qxf6 7. e3 Nd7 8. Be2 Bd6 9. O-O O-O 10. cxd5 exd5 11. Rb1 Re8 12. b4 a6 13. Na4 Nf8 14. Qc2 Bf5 15. Bd3 Be4 16. Bxe4 dxe4 17. Nd2 Qh4 18.
g3 Qg4 19. Nc5 Bxc5 20. bxc5 Ng6 21. Rxb7 Nh4 22. Rfb1 Re6 23. Qd1 Nf3+ 24. Nxf3 exf3 25. Rb8+ Rxb8 26. Rxb8+ Kh7 27. Qd3+ g6 28. h4 Kg7 29. Rb6 g5 30. d5 Re4 31. Qc3+ Kh7 32. Qf6 Qh5 33. Rb8 gxh4 34. Rh8# 1-0

[Event "Early-Titled-Tuesday-Blitz-September-12-2023"]
[Site "Chess.com"]
[Date "2023.09.12"]
[Round "2"]
[White "jens1102"]
[Black "VOneChess"]
[Result "1-0"]
[WhiteElo "2690"]
[BlackElo "2268"]
[TimeControl "180+1"]
[EndTime "8:17:52 PDT"]
[Termination "jens1102 won on time"]

1. c4 e5 2. g3 Nc6 3. Bg2 f5 4. Nc3 Nf6 5. d3 Bb4 6. Bd2 Bxc3 7. Bxc3 d5 8. cxd5 Nxd5 9. Nf3 Nxc3 10. bxc3 O-O 11.
O-O Be6 12. h4 h6 13. Qb1 Rb8 14. a4 Bd5 15. e4 fxe4 16. dxe4 Be6 17. Rd1 Qe7 18. a5 Bc4 19. Nd2 Ba6 20. Qb3+ Kh8 21. Nc4 Qf7 22. Nd2 Qxf2+ 23. Kh2 Rbd8 24. Nf1 Ne7 25.
Rxd8 Rxd8 26. Qe6 Qf6 27. Qg4 Rd6 28. Ne3 Bd3 29. Rd1 Bb5 30. Rb1 1-0

[Event "Early-Titled-Tuesday-Blitz-September-12-2023"]
[Site "Chess.com"]
[Date "2023.09.12"]
[Round "2"]
[White "RandomNoob04"]
[Black "FairChess_on_YouTube"]
[Result "0-1"]
[WhiteElo "2634"]
[BlackElo "3038"]
[TimeControl "180+1"]
[EndTime "8:17:54 PDT"]
[Termination "FairChess_on_YouTube won by resignation"]

1. e4 c5 2. d4 cxd4 3. c3 Nf6 4. e5 Nd5 5. Nf3 e6 6. cxd4 b6 7. Nc3 Bb7 8. Bd3 Na6 9. Nxd5 Bxd5 10. Bxa6 b5 11. O-O Qb6 12. Bxb5 Qxb5 13. b3 a5 14. Nd2 Bb4 15. a4 Qb7 16. Qg4 O-O 17. Nc4 f5 18. Qg3 Rac8 19. Nd6 Bxd6 20. exd6 Rf6 21. f3 Rc2 22. Rf2 Rc3 23. Bd2 Rxb3 24. Bxa5 Rg6 25. Qh4 h6 26. Bd2 Rxf3 27. Rxf3 Bxf3 28. g3 Qb2 29.
Rf1 Bd5 30. Qf4 Rg4 31. Qf2 Rxd4 32. Be3 Qxf2+ 33. Kxf2 Rxa4 34. h4 Ra2+ 35. Ke1 Ra1+ 36. Kf2 Rxf1+ 37. Kxf1 e5 38. Bc1 Kf7 39. Kf2 Ke6 40.
Ba3 g5 41. hxg5 hxg5 42. Ke3 f4+ 43. gxf4 gxf4+ 44. Kf2 e4 45. Bc5 Ke5 46. Ba3 e3+ 47. Ke1 Ke4 48. Bb2 f3 49. Bf6 f2+ 50. Kf1 Kf3 0-1

[Event "Early-Titled-Tuesday-Blitz-September-12-2023"]
[Site "Chess.com"]
[Date "2023.09.12"]
[Round "2"]
[White "Viacheslav92"]
[Black "KVAIDAN"]
[Result "1-0"]
[WhiteElo "2520"]
[BlackElo "2302"]
[TimeControl "180+1"]
[EndTime "8:17:55 PDT"]
[Termination "Viacheslav92 won by resignation"]

1. e4 e5 2. Nf3 d5 3. exd5 e4 4. Qe2 Nf6 5. Nc3 Be7 6. Nxe4 Nxd5 7. Nc3 Nxc3 8. dxc3 O-O 9. Be3 Be6 10. Qd3 Nd7 11. Be2 b5 12. O-O a5 13. Rfd1 Qc8 14. Nd4 Ne5 15. Qd2 Nc4 16. Bxc4 bxc4 17. Nxe6 Qxe6 18.
Qd7 Bd6 19. Qxe6 fxe6 20. b3 a4 21. b4 e5 22. Kf1 Rf6 23. Ke2 h6 24. Rd5 Kf7 25.
Rad1 Ke6 26. Bc5 Raf8 27. f3 Rd8 28. Bxd6 cxd6 29. Ra5 d5 30. Rxa4 d4 31. Ra6+ Kf5 32. Rxf6+ gxf6 33. a4 Ke6 34. a5 Kd5 35. b5 Kc5 36. b6 Kb5 37. b7 Rb8 38. cxd4 Rxb7 39. Rb1+ Kc6 40. Rxb7 Kxb7 41. dxe5 fxe5 42. Ke3 Kc6 43.
Ke4 Kb5 44. Kxe5 Kxa5 45. Kd4 Kb5 46. c3 Kc6 47. Kxc4 1-0

[Event "Early-Titled-Tuesday-Blitz-September-12-2023"]
[Site "Chess.com"]
[Date "2023.09.12"]
[Round "2"]
[White "Amirreza_p"]
[Black "Inepton_Fermion"]
[Result "1-0"]
[WhiteElo "2566"]
[BlackElo "2379"]
[TimeControl "180+1"]
[EndTime "8:17:57 PDT"]
[Termination "Amirreza_p won on time"]

1. Nf3 b5 2. e4 a6 3. d4 Bb7 4. Bd3 e6 5. O-O c5 6. c3 Nf6 7. Re1 Be7 8. Nbd2 cxd4 9. cxd4 O-O 10. Nf1 d6 11. Bf4 Nbd7 12. Ng3 Re8 13. Rc1 Rc8 14. Rxc8 Qxc8 15. Qd2 Qa8 16. Qe2 Bf8 17. Rc1 e5 18.
dxe5 dxe5 19. Bg5 h6 20. Bxf6 Nxf6 21. Bb1 g6 22. Qe3 Kg7 23. Nd2 Rd8 24. Nb3 Ng4 25.
Qe2 h5 26. h3 Nf6 27. h4 Ng4 28. f3 Nf6 29. Qe3 Kh7 30. Qb6 Rd6 31. Qc7 Kg8 32.
Na5 Rd7 33. Qb6 1-0

[Event "Early-Titled-Tuesday-Blitz-September-12-2023"]
[Site "Chess.com"]
[Date "2023.09.12"]
[Round "2"]
[White "Jojo_898"]
[Black "mjray79"]
[Result "0-1"]
[WhiteElo "2378"]
[BlackElo "2568"]
[TimeControl "180+1"]
[EndTime "8:17:58 PDT"]
[Termination "mjray79 won by resignation"]

1. e4 c6 2. d4 d5 3. Nc3 dxe4 4. Nxe4 h6 5. Nf3 Bf5 6. Ng3 Bh7 7. Bd3 Bxd3 8.
Qxd3 e6 9. O-O Nf6 10. c4 Nbd7 11. Bf4 Be7 12. Rad1 O-O 13. a3 a5 14. Rfe1 a4 15.
Nd2 Qa5 16. Nge4 Rfd8 17. Qf3 Nxe4 18. Nxe4 Nf6 19. Be5 Nxe4 20. Rxe4 f6 21. Bg3 e5 22.
Rd3 Bf8 23. dxe5 Rxd3 24. Qxd3 Rd8 25. Qe2 f5 26. Re3 Rd2 27. Qe1 Bc5 28. Re2 Rxe2 29. Qxa5 b6 30. Qa8+ Kh7 31. h3 f4 32. Bxf4 Rxf2 33.
Kh2 Rxf4 34. Qxc6 Rxc4 35. Qd5 Rd4 36. Qf7 Rd2 37. h4 Rf2 38. Qd7 Re2 39. e6 Re3 40.
Qe8 Bd6+ 41. Kg1 Bc5 42. Kf1 Bd6 43. Qd7 Bg3 44. Qd1 Kg6 45. e7 Kf7 46. Qd5+ Kxe7 47. Qb7+ Kf8 48. Qc8+ Kf7 49. Qc4+ Kg6 50. Qc2+ Kh5 51.
Qd2 Re1+ 52. Qxe1 Bxe1 53. Kxe1 Kxh4 54. Kf2 Kg4 55. g3 0-1

[Event "Early-Titled-Tuesday-Blitz-September-12-2023"]
[Site "Chess.com"]
[Date "2023.09.12"]
[Round "2"]
[White "sjoerd893"]
[Black "Artemiki"]
[Result "1-0"]
[WhiteElo "2469"]
[BlackElo "2109"]
[TimeControl "180+1"]
[EndTime "8:17:58 PDT"]
[Termination "sjoerd893 won on time"]

1. e4 e5 2. Nf3 Nc6 3. Bc4 Bc5 4. c3 Nf6 5. d3 d6 6. Nbd2 a6 7. Bb3 Ba7 8. Nf1 h6 9. Ng3 O-O 10. O-O Be6 11. Bc2 d5 12. exd5 Bxd5 13. Nh4 Ne7 14.
Qe2 Ng6 15. Nxg6 fxg6 16. Be3 Bxe3 17. Qxe3 Ng4 18. Qe2 Qh4 19. h3 Nxf2 20. Qxe5 Bxg2 21. Bb3+ Kh7 22. Rxf2 Rxf2 23. Kxf2 Qxh3 24. Ke2 Bc6 25. Be6 Qg2+ 26. Ke3 Re8 27. Ne2 Qf3+ 28. Kd2 Bd7 29. Qd5 1-0

[Event "Early-Titled-Tuesday-Blitz-September-12-2023"]
[Site "Chess.com"]
[Date "2023.09.12"]
[Round "2"]
[White "Boxerandchessplayer"]
[Black "sara_khm"]
[Result "1/2-1/2"]
[WhiteElo "2109"]
[BlackElo "2453"]
[TimeControl "180+1"]
[EndTime "8:17:59 PDT"]
[Termination "Game drawn - insufficient material"]

1. d4 Nf6 2. Nf3 e6 3. c4 b6 4.
Bf4 Bb4+ 5. Nbd2 Bb7 6. e3 a5 7.
h3 O-O 8. Be2 Ne4 9. O-O Nxd2 10.
Nxd2 f5 11. Bf3 Bxf3 12. Nxf3 Be7 13. d5 Na6 14. dxe6 dxe6 15. Qxd8 Raxd8 16. Rfd1 Bd6 17. Bxd6 cxd6 18. Nd4 Nc5 19. b3 Kf7 20. Nb5 Ke7 21.
Rab1 f4 22. exf4 Rxf4 23. a3 Rd7 24. f3 h5 25. b4 axb4 26. axb4 Nb7 27. Rd4 Rxd4 28.
Nxd4 Rc7 29. Re1 e5 30. Nf5+ Ke6 31. Ne3 Nd8 32. Ra1 Nc6 33. Ra4 Nd4 34. Ra6 b5 35.
c5 Rc6 36. Rxc6 Nxc6 37. cxd6 Nxb4 38. Nf5 g6 39. Ne7 Kxd6 40. Nxg6 Nc2 41. Kf2 b4 42. Ke2 b3 43. Kd2 Kc5 44. Kc3 Ne1 45. Nh4 e4 46. fxe4 Kd6 47. Kxb3 Ke5 48. g4 hxg4 49. hxg4 Kxe4 50.
g5 Ke5 51. Kc3 Ng2 52. Nxg2 Kf5 53. Ne3+ Kxg5 1/2-1/2

[Event "Early-Titled-Tuesday-Blitz-September-12-2023"]
[Site "Chess.com"]
[Date "2023.09.12"]
[Round "2"]
[White "Biregina"]
[Black "PattyCastillo"]
[Result "1-0"]
[WhiteElo "2439"]
[BlackElo "1998"]
[TimeControl "180+1"]
[EndTime "8:17:59 PDT"]
[Termination "Biregina won on time"]

1. d4 d5 2. Bf4 Nf6 3. e3 c5 4.
dxc5 Nc6 5. Nf3 Bg4 6. Bb5 e6 7. Bxc6+ bxc6 8. Qd4 Qa5+ 9. b4 Qa4 10. c3 Bxf3 11.
gxf3 Be7 12. Rg1 Nh5 13. Bc7 Bf6 14. Be5 O-O-O 15. Nd2 Qc2 16. Bxf6 Nxf6 17. Ke2 Rhg8 18. Qd3 Qxd3+ 19. Kxd3 e5 20. Rg5 e4+ 21. fxe4 dxe4+ 22. Kc2 Rd7 23. Nc4 Kc7 24. Nd6 Nd5 25. Rag1 f6 26.
R5g4 Rxd6 27. cxd6+ Kxd6 28. Rxg7 Rxg7 29. Rxg7 h5 30.
Rh7 1-0

[Event "Early-Titled-Tuesday-Blitz-September-12-2023"]
[Site "Chess.com"]
[Date "2023.09.12"]
[Round "2"]
[White "DumbKing75"]
[Black "Parhamov"]
[Result "0-1"]
[WhiteElo "2656"]
[BlackElo "3107"]
[TimeControl "180+1"]
[EndTime "8:18:00 PDT"]
[Termination "Parhamov won by resignation"]

1. e4 c5 2. Nf3 e6 3. b3 Nf6 4. e5 Nd5 5. Bb2 Nc6 6. Nc3 Nxc3 7. Bxc3 b6 8. g3 Bb7 9. Bg2 Be7 10. O-O Qc7 11. Re1 O-O 12. Bb2 Rac8 13. c4 f5 14.
d4 cxd4 15. Nxd4 Nxd4 16. Bxd4 f4 17. Qd3 Bxg2 18. Kxg2 Rf7 19. Rad1 Rcf8 20. Kg1 Bc5 21. Re2 fxg3 22. hxg3 Rf3 23. Qe4 h6 24. Kg2 R3f7 25.
f4 g5 26. fxg5 hxg5 27. Rdd2 Bxd4 28. Rxd4 Qc5 29. Red2 Rf5 30. Rxd7 b5 31. Qb7 Qxe5 32. cxb5 Qa1 33. Qe4 Qf1+ 34. Kh2 Rf2+ 35. Rxf2 Rxf2+ 0-1

[Event "Early-Titled-Tuesday-Blitz-September-12-2023"]
[Site "Chess.com"]
[Date "2023.09.12"]
[Round "2"]
[White "bardiya_Daneshvar"]
[Black "Vesper2018"]
[Result "1-0"]
[WhiteElo "2928"]
[BlackElo "2595"]
[TimeControl "180+1"]
[EndTime "8:18:00 PDT"]
[Termination "bardiya_Daneshvar won by resignation"]

1. Nf3 Nf6 2. d3 g6 3. Nbd2 Bg7 4. b3 Nd5 5. c4 Bxa1 6. cxd5 Bg7 7. h4 h5 8. e4 c6 9. d6 exd6 10. Nc4 O-O 11.
Nxd6 Qa5+ 12. Bd2 Qc5 13. Bf4 Bc3+ 14. Ke2 Na6 15. d4 Qa5 16. a4 c5 17. d5 Qb4 18.
Ng5 f6 19. Nh3 Be5 20. Bd2 Qd4 21. Bf4 Bxd6 22. Qxd4 cxd4 23. Bxd6 Re8 24. Kd3 b6 25. b4 Bb7 26. Kxd4 Rac8 27. Bb5 Rc2 28. Rd1 Bc8 29. Nf4 f5 30. e5 Rxf2 31. g3 Kg7 32. Rc1 Rb2 33.
Rxc8 Rxc8 34. Bxa6 Rc1 35. Nd3 Rd1 36. Bb5 Re2 37.
Bxd7 Re3 38. Kxe3 1-0

[Event "Early-Titled-Tuesday-Blitz-September-12-2023"]
[Site "Chess.com"]
[Date "2023.09.12"]
[Round "2"]
[White "vedantgoswami"]
[Black "AndreiITrifan"]
[Result "1/2-1/2"]
[WhiteElo "2327"]
[BlackElo "2621"]
[TimeControl "180+1"]
[EndTime "8:18:02 PDT"]
[Termination "Game drawn by repetition"]

1. b3 Nf6 2. Bb2 e6 3. Nf3 Be7 4. d3 d5 5. Nbd2 O-O 6. g3 b6 7. Bg2 Bb7 8. O-O a5 9. a3 Re8 10. c4 h6 11. Ra2 Nbd7 12. Qa1 Bf8 13. Rc1 c5 14. Ne5 Qc7 15. Ndf3 d4 16. Nxd7 Nxd7 17. Re1 e5 18. e4 a4 19. bxa4 Bc6 20. Bc1 Rxa4 21.
Nh4 g6 22. Bd2 Rea8 23. Qc1 Kh7 24. f4 Qa7 25. f5 Rxa3 26. fxg6+ fxg6 27. Rxa3 Qxa3 28. Qb1 Qa2 29. Qd1 Qb2 30. Nxg6 Ra2 31. Qh5 Qxd2 32.
Nxf8+ Nxf8 33. Qf7+ Kh8 34. Qxf8+ Kh7 35. Qf7+ Kh8 36. Qf8+ Kh7 37. Qf7+ Kh8 38. Qf8+ 1/2-1/2

[Event "Early-Titled-Tuesday-Blitz-September-12-2023"]
[Site "Chess.com"]
[Date "2023.09.12"]
[Round "2"]
[White "kuba2006"]
[Black "jimmy-schlumpf"]
[Result "0-1"]
[WhiteElo "2535"]
[BlackElo "2307"]
[TimeControl "180+1"]
[EndTime "8:18:02 PDT"]
[Termination "jimmy-schlumpf won by resignation"]

1. b3 g6 2. Bb2 Nf6 3. e4 d6 4. f4 Bg7 5. e5 Nfd7 6. d4 O-O 7. Nf3 c5 8. c3 cxd4 9. cxd4 dxe5 10. dxe5 Nc6 11.
Bc4 Nc5 12. Qe2 Bf5 13. O-O Nd3 14. g3 Nxb2 15. Qxb2 Bh3 16. Re1 e6 17. Nc3 Qa5 18.
Ne4 Rfd8 19. Nfg5 Bf5 20. Nf6+ Bxf6 21. exf6 Rd2 22. Qc1 Qc5+ 23. Kh1 Qf2 24. Qxd2 Qxd2 25. Rad1 Qb2 26. Rd7 Qxf6 27. Rxf7 Qxf7 28. Nxf7 Kxf7 29. Kg2 h5 30. h3 Rd8 31. h4 Rd2+ 32. Kf3 Rxa2 33.
Ke3 a6 34. Rd1 Ke7 35. Kf3 b5 36. Be2 Rb2 37. Ke3 Rxb3+ 38. Kf2 Rb2 39. Ke3 Rxe2+ 40. Kxe2 Bg4+ 41. Kd2 Bxd1 42. Kxd1 b4 0-1

[Event "Early-Titled-Tuesday-Blitz-September-12-2023"]
[Site "Chess.com"]
[Date "2023.09.12"]
[Round "2"]
[White "Zhigalko_Sergei"]
[Black "biesiadnik"]
[Result "1-0"]
[WhiteElo "2883"]
[BlackElo "2569"]
[TimeControl "180+1"]
[EndTime "8:18:03 PDT"]
[Termination "Zhigalko_Sergei won by resignation"]

1. e4 e6 2. d4 d5 3. e5 c5 4. c3 Nc6 5. Nf3 Bd7 6. Be2 Nge7 7. Na3 cxd4 8. cxd4 Nf5 9. Nc2 Qb6 10.
O-O Nb4 11. Ne3 Nxe3 12. fxe3 Be7 13. a3 Nc6 14. b4 O-O 15. Bd3 Rac8 16. Kh1 f5 17.
exf6 Bxf6 18. Bd2 e5 19. dxe5 Nxe5 20. Nxe5 Bxe5 21. Qh5 Rxf1+ 22. Rxf1 Bf6 23. Bxh7+ Kf8 24.
Qxd5 Be6 25. Qe4 Rc4 26. Qf3 Rh4 27. Bf5 Qd6 28. g3 Rc4 29. Bxe6 Qxe6 30. Qxb7 Rc2 31. Qa8+ Kf7 32. Rf2 Kg6 33. Kg2 Qd7 34. Qe4+ 1-0

[Event "Early-Titled-Tuesday-Blitz-September-12-2023"]
[Site "Chess.com"]
[Date "2023.09.12"]
[Round "2"]
[White "NicolaiMaxime"]
[Black "PeshkaCh"]
[Result "0-1"]
[WhiteElo "2530"]
[BlackElo "2776"]
[TimeControl "180+1"]
[EndTime "8:18:04 PDT"]
[Termination "PeshkaCh won by checkmate"]

1. e4 e5 2. Nf3 Nc6 3. Nc3 Nf6 4. a3 d5 5. Bb5 dxe4 6. Nxe5 Bd7 7. Nxd7 Qxd7 8.
O-O a6 9. Ba4 b5 10. Bb3 Bc5 11. Qe1 O-O 12. Nxe4 Nxe4 13. Qxe4 Nd4 14. Qd5 Qe7 15.
d3 Rad8 16. Qh5 Nxb3 17. cxb3 Rxd3 18. b4 Bd4 19. Qf5 Qe2 20. Bf4 g6 21. Qg5 Re8 22.
h4 h5 23. Rac1 c6 24. Bg3 Bxb2 25. Rce1 Qxe1 26. Rxe1 Rxe1+ 27. Kh2 Rd5 28. Qf4 Rdd1 29. Qb8+ Kh7 30. Bf4 Rd4 31. g3 Rde4 32. Qb7 Re7 33. Qxc6 Bd4 34. Qxa6 R7e2 35. g4 Rxf2+ 36. Kg3 Rg1+ 37.
Kh3 hxg4# 0-1

[Event "Early-Titled-Tuesday-Blitz-September-12-2023"]
[Site "Chess.com"]
[Date "2023.09.12"]
[Round "2"]
[White "kingofthenil"]
[Black "Ncatt"]
[Result "0-1"]
[WhiteElo "2755"]
[BlackElo "2540"]
[TimeControl "180+1"]
[EndTime "8:18:04 PDT"]
[Termination "Ncatt won on time"]

1. e4 c5 2. Nf3 Nc6 3. d4 cxd4 4. Nxd4 Nf6 5. Nxc6 bxc6 6. Bd3 g6 7. O-O Bg7 8.
e5 Nd5 9. Re1 O-O 10. Nd2 Rb8 11. Nf3 d6 12. exd6 exd6 13. c3 Be6 14. Nd4 Qd7 15.
h3 a5 16. Qa4 Bxd4 17. Qxd4 f6 18. Bh6 Rf7 19. Re2 c5 20. Qh4 Nc7 21. Rae1 Bxa2 22.
c4 d5 23. cxd5 Bxd5 24. Qg3 Bc6 25. Bc4 Re8 26. Rxe8+ Nxe8 27. Bxf7+ Kxf7 28. Qe3 Nc7 29. Qxc5 Ne6 30. Qxa5 g5 31. Qc3 Kg6 0-1

[Event "Early-Titled-Tuesday-Blitz-September-12-2023"]
[Site "Chess.com"]
[Date "2023.09.12"]
[Round "2"]
[White "AleksanderHnydiuk"]
[Black "schackspelaren"]
[Result "1-0"]
[WhiteElo "2515"]
[BlackElo "2294"]
[TimeControl "180+1"]
[EndTime "8:18:04 PDT"]
[Termination "AleksanderHnydiuk won on time"]

1. d4 Nf6 2. c4 e6 3. g3 d5 4.
Bg2 Bb4+ 5. Nd2 O-O 6. Nf3 dxc4 7.
O-O Nbd7 8. Qa4 Be7 9. Nxc4 Nd5 10. Rd1 N7b6 11. Nxb6 Nxb6 12. Qc2 c6 13. Ne5 Nd7 14.
Nd3 Nf6 15. e3 Bd7 16. Bd2 Rc8 17. Rac1 b6 18. b4 Nd5 19. Qb3 Kh8 20. Rc2 h5 21. Rdc1 h4 22. Ne5 Qe8 23. Be4 f5 24. Bg2 Bf6 25. Nd3 g5 26. f3 Qh5 27. Ne5 Bxe5 28.
dxe5 Rf7 29. e4 fxe4 30. fxe4 Ne7 31. Be3 Rh7 32. Bf2 Ng6 33. Rd2 Rf8 34. Qe3 Rff7 35. Rcd1 hxg3 36. Bxg3 Qg4 37. Qe2 Qxe2 38. Rxe2 Nf4 39.
Red2 Kg8 40. Rd6 Kf8 41. Bf3 Ke8 42. Bg4 1-0

[Event "Early-Titled-Tuesday-Blitz-September-12-2023"]
[Site "Chess.com"]
[Date "2023.09.12"]
[Round "2"]
[White "jraosam"]
[Black "Alex_Banzea"]
[Result "1-0"]
[WhiteElo "1995"]
[BlackElo "2656"]
[TimeControl "180+1"]
[EndTime "8:18:05 PDT"]
[Termination "jraosam won on time"]

1. e4 c6 2. d4 d5 3. Nc3 dxe4 4.
Nxe4 Nf6 5. Nxf6+ exf6 6. Nf3 Bd6 7. Bd3 O-O 8. O-O Bg4 9. h3 Bh5 10. Be3 Re8 11. c4 Nd7 12. a3 Nf8 13. b4 Rc8 14.
Rb1 Bb8 15. g3 Qd7 16. Kg2 Bg6 17. Nh4 Qc7 18. Nxg6 hxg6 19. Qf3 Rcd8 20. h4 Ne6 21. d5 cxd5 22. cxd5 Nf8 23. Rbc1 Qd7 24. Rcd1 Qxd5 25. Be4 Qb3 26. Bxb7 Qxa3 27. Bc6 Rxd1 28. Rxd1 Rc8 29. b5 Ne6 30. h5 g5 31. h6 Qc3 32.
hxg7 Kxg7 33. Bd7 Rh8 34. Bxe6 fxe6 35. Rd7+ Kg8 36. Qe4 1-0